 Dungeon Crawl Stone Soup version 0.26-a0-854-gdc81c2f471 (webtiles) character file.

Game seed: 17656223243287623850

145 Decritt the Firebug (level 5, 0/39 HPs)
             Began as a Draconian Fire Elementalist on Nov 24, 2020.
             Slain by an orc
             ... wielding a +0 hand axe
              (4 damage)
             ... on level 3 of the Dungeon.
             The game lasted 00:08:22 (4349 turns).

Decritt the Firebug (Draconian Fire Elementalist)   Turns: 4349, Time: 00:08:23

Health: 0/39       AC:  5    Str: 11    XL:     5   Next: 6%
Magic:  6/9        EV: 12    Int: 16    God:
Gold:   152        SH:  0    Dex: 11    Spells: 8/9 levels left

rFire    . . .     SeeInvis .   s - +1 hunting sling
rCold    . . .     Faith    .   (no shield)
rNeg     . . .     Spirit   .   (armour unavailable)
rPois    .         Reflect  .   (helmet restricted)
rElec    .         Harm     .   (no cloak)
rCorr    .         Rampage  .   (no gloves)
MR       .....                  (no boots)
Stlth    +++.......             (no amulet)
HPRegen  0.13/turn              b - ring of stealth
MPRegen  0.11/turn              (no ring)

@: no status effects
A: unfitting armour, cold-blooded, AC +5
a: no special abilities


You were on level 3 of the Dungeon.
You visited 1 branch of the dungeon, and saw 3 of its levels.

You collected 152 gold pieces.

Inventory:

Hand Weapons
 i - a +0 dagger
 l - a +0 club
 s - a +1 hunting sling (weapon)
Missiles
 t - 34 sling bullets (quivered)
Jewellery
 b - a ring of stealth (left hand)
Scrolls
 a - a scroll of fear {unknown}
 c - a scroll of teleportation
 e - a scroll of enchant weapon
 g - a scroll of magic mapping {unknown}
 h - a scroll of noise {unknown}
 k - a scroll of fog {unknown}
 m - a scroll of remove curse {unknown}
 q - a scroll of immolation {unknown}
 u - a scroll of amnesia {unknown}
Potions
 d - a potion of haste {unknown}
 f - a potion of curing
 j - 2 potions of flight
 n - a potion of brilliance {unknown}
 o - a potion of might {unknown}
 p - a potion of resistance {unknown}


   Skills:
 + Level 0.5 Fighting
 + Level 1.9 Dodging
 - Level 1.7 Stealth
 + Level 2.7 Spellcasting
 * Level 3.0 Conjurations
 * Level 4.2 Fire Magic


You had 8 spell levels left.
You knew the following spells:

 Your Spells              Type           Power        Failure   Level
a - Foxfire               Conj/Fire      ##..         4%          1

Your spell library contained the following spells:

 Spells                   Type           Power        Failure   Level
 Conjure Flame            Conj/Fire      ##......     13%         3
 Inner Flame              Hex/Fire       #.......     24%         3
 Sticky Flame             Conj/Fire      ##......     38%         4
 Fireball                 Conj/Fire      ##........   75%         5


Dungeon Overview and Level Annotations

Branches:
Dungeon (3/15)

Altars:


Innate Abilities, Weirdness & Mutations

Your plain brown scales are hard. (AC +5)
You cannot fit into any form of body armour.
You are cold-blooded and may be slowed by cold attacks.


Message History

Casting: Foxfire (safe; 4% risk of failure)
Confirm with . or Enter, or press ? or * to list all spells.
You conjure some foxfire!
The bullfrog closely misses you. The bullfrog hits you.
* * * LOW HITPOINT WARNING * * *
The orc hits you with a +0 hand axe.
* * * LOW HITPOINT WARNING * * *
Casting: Foxfire (safe; 4% risk of failure)
Confirm with . or Enter, or press ? or * to list all spells.
You conjure some foxfire!
The bullfrog hits you.
* * * LOW HITPOINT WARNING * * *
Your foxfire dissipates!
The foxfire hits the bullfrog.
The bullfrog is almost dead.
The foxfire hits the bullfrog.
You kill the bullfrog!
The foxfire hits the orc.
The orc is lightly wounded.
The orc hits you with a +0 hand axe.
You die...

.. #.##########
#.# #.# ###+###.##
#........#
#........#
#........#
#........#
#.#####ยง@#
###...#o.#
....P..>.#
###...#..#########
#####..........#
##########.#
######.##
.........#
.#######.##


You could see an orc.

Vanquished Creatures
  A bullfrog (D:3)
  An orc priest (D:3)
  A gnoll (D:3)
  3 adders
  A white imp (D:3)
  An ooze (D:1)
  2 worms
  3 dart slugs
  2 orcs (D:3)
  A giant cockroach (D:2)
  6 goblins
  9 hobgoblins
  2 jackals (D:2)
  4 kobolds
  A quokka (D:3)
  2 ball pythons
  6 bats
  4 frilled lizards
  6 rats
56 creatures vanquished.

Vanquished Creatures (others)
  163 foxfires
163 creatures vanquished.

Grand Total: 219 creatures vanquished

Notes
Turn   | Place    | Note
-------+----------+-------------------------------------------
     0 | D:1      | Decritt the Draconian Fire Elementalist began the quest for
                  | the Orb.
     0 | D:1      | Reached XP level 1. HP: 14/14 MP: 3/3
   527 | D:1      | Reached XP level 2. HP: 20/20 MP: 3/5
  1364 | D:2      | Reached XP level 3. HP: 9/26 MP: 0/6
  2153 | D:2      | Reached XP level 4. HP: 33/33 MP: 5/7
  2507 | D:3      | Reached skill level 4 in Fire Magic
  2880 | D:3      | Noticed an orc warrior
  3984 | D:2      | Reached XP level 5. HP: 32/39 MP: 6/9
  4349 | D:3      | Slain by an orc

Illustrated notes

Levels and vault maps discovered:
D:1:      saegor_arrival_simple_a, layout_basic
D:2:      layout_rooms, chequers_serial_rivers_small_a
D:3:      minmay_goblin_kobold_castle, layout_basic, st_stairs_11,
          elyvilon_altar_1, uniq_grinder

Skill      XL: |  1  2  3  4 |
---------------+-------------+-----
Conjurations   | 2 3 |  3.0
Fire Magic     | 4 |  4.2
Fighting       | |  0.5
Dodging        | |  1.9
Stealth        | |  1.7
Spellcasting   | |  2.7

Action                   |  1- 3 |  4- 6 || total
-------------------------+-------+-------++-------
Melee: Unarmed           |     5 |       ||     5
       Club              |     7 |       ||     7
       Tailslap          |     1 |       ||     1
 Fire: Hunting sling     |       |    22 ||    22
 Cast: Foxfire           |    58 |    35 ||    93
  Use: Scroll            |       |     4 ||     4
Armor: Skin              |    13 |     4 ||    17
Dodge: Dodged            |    32 |    27 ||    59

Table legend: (Time is in decaauts)
 A = Elapsed time spent in this place.
 B = Non-inter-level travel time spent in this place.
 C = Inter-level travel time spent in this place.
 D = Time resting spent in this place.
 E = Time spent auto-exploring this place.
 F = Levels seen in this place.
 G = Mean time per level.
                   A        B        C        D        E       F      G
               +--------+--------+--------+--------+--------+-----+--------+
         Total |   4363 |   4323 |     40 |   2249 |   1450 |   3 | 1454.3 |
       Dungeon |   4363 |   4323 |     40 |   2249 |   1450 |   3 | 1454.3 |
               +--------+--------+--------+--------+--------+-----+--------+

Top non-repeatable levels by time:
     D:2: 2379 daAuts
     D:1: 1605 daAuts
     D:3: 377 daAuts
